 Dungeon Crawl Stone Soup version 0.32-a0-411-g744942f433 (webtiles) character file.

Game seed: 18273539034314074292

81 Xavori the Trooper (level 4, 18/18 (35) HPs)
             Began as a Djinni Chaos Knight on Feb 20, 2024.
             Was a Plaything of Xom.
             Quit the game on level 1 of the Dungeon.
             The game lasted 00:02:21 (10625 turns).

Xavori the Trooper (Djinni Chaos Knight)           Turns: 10625, Time: 00:02:21

HP:   18/18 (35)    AC:  4    Str: 11      XL:     4   Next: 67%
Gold: 152           EV: 12    Int: 14      God:    Xom [......] SH:  0 Dex: 12 (14)

rFire   + + .        a - +0 falchion (chaos)
rCold   x . .        (no shield)
rNeg    . . .        b - +2 leather armour
rPois   ∞            (no helmet)
rElec   .            m - +0 cloak
rCorr   .            (no gloves)
SInv    .            (boots unavailable)
Will    .....        q - amulet of regeneration
Stlth   +            (no ring)
HPRegen 1.03/turn    (no ring)
MPRegen 0.00/turn

%: no passive effects
@: flying, very heavily drained
A: sickness immunity, fire resistance 2, cold vulnerability 1, float, innate
caster, HP casting, extra vitality 1, deformed body, inhibited regeneration,
wild magic 1, inability to read after injury 2
a: Renounce Religion


You were on level 1 of the Dungeon.
You worshipped Xom.
You were a very special plaything of Xom.
You visited 1 branch of the dungeon, and saw 2 of its levels.

You collected 152 gold pieces.

Inventory:

Hand Weapons
 a - a +0 falchion of chaos (weapon)
Armour
 b - a +2 leather armour (worn)
 m - a +0 cloak (worn)
Jewellery
 q - an amulet of regeneration (around neck)
Wands
 l - a wand of flame (13)
 r - a wand of charming (7)
Scrolls
 c - 2 scrolls of butterflies
 d - a scroll of identify {unknown}
 e - a scroll of enchant armour {unknown}
 f - 5 scrolls of teleportation {unknown}
 g - a scroll of fear {unknown}
 i - 5 scrolls of enchant weapon {unknown}
 k - a scroll of revelation {unknown}
 p - 2 scrolls of immolation {unknown}
Potions
 h - a potion of might {unknown}
 j - 2 potions of curing {unknown}
 n - a potion of haste {unknown}
 o - a potion of heal wounds {unknown}


   Skills:
 + Level 3.3 Fighting
 + Level 3.0 Long Blades
 + Level 1.7 Armour
 + Level 2.7 Dodging
 * Level 1.5 Spellcasting
 * Level 1.5 Conjurations
 * Level 1.5 Hexes
   Level 0.0 Charms
 * Level 1.5 Summonings
 * Level 1.5 Necromancy
 * Level 1.5 Translocations
   Level 0.0 Transmutations
 * Level 1.5 Fire Magic
 * Level 1.5 Ice Magic
 * Level 1.5 Air Magic
 * Level 1.5 Earth Magic
 * Level 1.5 Alchemy


You knew the following spells:

 Your Spells              Type           Power      Damage    Failure   Level
a - Slow                  Hex            24%        N/A       26%         1
Your spell library was empty.

Dungeon Overview and Level Annotations

Branches:
Dungeon (2/15)

Altars:
Fedhas

Shops:
D:2 :


Innate Abilities, Weirdness & Mutations

You are immune to sickness and miasma.
You are immune to poison.
Your flesh is very heat resistant. (rF++)
You are vulnerable to cold. (rC-)
You float through the air rather than walking.
You learn spells naturally, not from books.
Your magical power is your life essence.
You have superior vitality. (+4 MHP)
Armour fits poorly on your strangely shaped body.
You do not regenerate when monsters are visible.
Your spells are a little harder to cast, but a little more powerful.
You sometimes lose the ability to read scrolls when taking damage.


Message History

You start waiting. "Go forth and redecorate, my child!"
You are now a very special plaything of Xom.
You start waiting.
You start waiting.
Your trail of clouds dissipates.
You start waiting.
You start waiting. "You have grown too confident for your meagre worth."
You feel clumsy.
You start waiting.
You start waiting.
You start waiting.
You start waiting.
You start waiting.
You hear Xom's maniacal laughter.
You feel drained.
You start waiting.
You almost hear Xom's maniacal laughter.
Your eyebrows wriggle.
You start waiting. "Let me alter your body."
Your body is suffused with distortional energy.
Your fingernails shrink to normal size.
You lose the ability to read scrolls when taking damage more often.
You start waiting.
You hear Xom's maniacal laughter.
You feel clumsy.
You start waiting.
You start waiting.
You start waiting.
You start waiting.
Done waiting.
Are you sure you want to abandon this character and quit the game? (Confirm with "yes".)
Okay, then.
Unknown command.
Unknown command.
Unknown command.
Unknown command.
Are you sure you want to abandon this character and quit the game? (Confirm with "yes".)

#...)...##.#.###[###.#
##...#.# #.......##.#.#
#.# #.# #...##(
#..........#.# #.# #.#
#..(.## #.......####.#
#.# #.# ##.....
#.......####.# #.# #.#
##..## #.........##.# #.#
#.# ##.## ###.#####.##.#
#.# #.#########... #.#
#.##.###.###...........##
#.#
#÷##.##.@.##############
###.# #.##.#.....# ....#
##.##.#.....# ....#
#..##.#.....# ....#
#.###.##...##
..÷.####.###.####.#
.............# #.#
....####.##### #÷#
######## ....# #.# #.#
#.......


There were no monsters in sight!

Vanquished Creatures
  A ribbon worm (D:2)
  4 bats
  2 endoplasms
  A giant cockroach (D:2)
  2 goblins (D:1)
  3 hobgoblins
  5 jackals (D:1)
  2 quokkas
  11 ball pythons
  2 frilled lizards
  5 kobolds
  6 rats
44 creatures vanquished.

Notes
Turn   | Place    | Note
-------+----------+-------------------------------------------
     0 | D:1      | Xavori the Djinni Chaos Knight began the quest for the Orb.
     0 | D:1      | Reached XP level 1. HP: 20/20 MP: 0/0
    35 | D:1      | Reached XP level 2. HP: 13/25 MP: 0/0
   238 | D:1      | Reached XP level 3. HP: 28/30 MP: 0/0
   238 | D:1      | Learned a level 1 spell: Slow
   240 | D:1      | Reached skill level 1 in Spellcasting
   240 | D:1      | Reached skill level 1 in Conjurations
   240 | D:1      | Reached skill level 1 in Hexes
   240 | D:1      | Reached skill level 1 in Summonings
   240 | D:1      | Reached skill level 1 in Necromancy
   240 | D:1      | Reached skill level 1 in Translocations
   240 | D:1      | Reached skill level 1 in Fire Magic
   240 | D:1      | Reached skill level 1 in Ice Magic
   240 | D:1      | Reached skill level 1 in Air Magic
   240 | D:1      | Reached skill level 1 in Earth Magic
   240 | D:1      | Reached skill level 1 in Alchemy
   268 | D:1      | XOM: silly message
   304 | D:1      | XOM: potion effect (invisibility)
   341 | D:1      | XOM: divination: magic mapping
   380 | D:1      | XOM: silly message
   503 | D:1      | Reached XP level 4. HP: 35/35 MP: 0/0
   831 | D:1      | XOM: god gift: scale mail {god gift}
   931 | D:1      | XOM: cloud trail
  1207 | D:1      | XOM: god gift: lead wand {god gift}
  1493 | D:1      | XOM is BORED!
  1740 | D:1      | XOM: god gift: 7 stones
  1818 | D:1      | XOM: give mutations
  1818 | D:1      | Gained mutation: Your health recovers twice as slowly from
                  | being drained. [Xom's mischief]
  1818 | D:1      | Gained mutation: Your spells are a little harder to cast,
                  | but a little more powerful. [Xom's mischief]
  1818 | D:1      | Gained mutation: You do not regenerate when monsters are
                  | visible. [Xom's mischief]
  2007 | D:1      | XOM: stat loss: -1 Int (13/14)
  2595 | D:1      | XOM: give mutations
  2595 | D:1      | Gained mutation: You have a pair of small horns on your
                  | head. [Xom's grace]
  2595 | D:1      | Gained mutation: You passively map a small area around you.
                  | [Xom's grace]
  2595 | D:1      | Gained mutation: You are robust. (+10% HP) [Xom's grace]
  2595 | D:1      | Gained mutation: You have a somewhat thin skeletal
                  | structure. (Dex +2, Stealth+) [Xom's grace]
  2805 | D:1      | XOM: god gift: bubbling green potion {god gift}
  2815 | D:1      | XOM: give mutations
  2815 | D:1      | Gained mutation: You expend health (3 HP) to strengthen
                  | your wands. [Xom's grace]
  2815 | D:1      | Gained mutation: You are somewhat resistant to further
                  | mutation. [Xom's grace]
  2815 | D:1      | Gained mutation: You have sharp fingernails. [Xom's grace]
  2815 | D:1      | Gained mutation: Your muscles are strong. (Str +4, Int/Dex
                  | -1) [Xom's grace]
  3071 | D:1      | XOM: god gift: leather armour {god gift}
  3420 | D:1      | XOM: give mutation
  3420 | D:1      | Lost mutation: You have a somewhat thin skeletal structure.
                  | (Dex +2, Stealth+) [Xom's mischief]
  3585 | D:1      | XOM: draining
  3816 | D:1      | XOM: summons 3 hostile shadow creatures
  3821 | D:2      | XOM: 1-stop teleportation journey
  3921 | D:2      | Found a blossoming altar of Fedhas.
  3982 | D:2      | Found Toagie's Book Shop.
  4099 | D:2      | XOM is BORED!
  4099 | D:2      | XOM: noise
  4106 | D:2      | XOM: god gift: runed shortbow {god gift}
  4866 | D:1      | XOM is BORED!
  5377 | D:1      | XOM: god gift: wand of charming (7)
  5410 | D:1      | XOM: cloud trail
  6664 | D:1      | XOM: give mutations
  6664 | D:1      | Lost mutation: You passively map a small area around you.
                  | [Xom's mischief]
  6664 | D:1      | Gained mutation: You are dopey. (Int -2) [Xom's mischief]
  6664 | D:1      | Lost mutation: Your muscles are strong. (Str +4, Int/Dex
                  | -1) [Xom's mischief]
  7214 | D:1      | XOM: give mutations
  7214 | D:1      | Lost mutation: You have a pair of small horns on your head.
                  | [Xom's mischief]
  7214 | D:1      | Lost mutation: You expend health (3 HP) to strengthen your
                  | wands. [Xom's mischief]
  7480 | D:1      | XOM is BORED!
  8152 | D:1      | XOM: give mutations
  8152 | D:1      | Lost mutation: You are somewhat resistant to further
                  | mutation. [Xom's mischief]
  8152 | D:1      | Lost mutation: Your health recovers twice as slowly from
                  | being drained. [Xom's mischief]
  8589 | D:1      | XOM: 1-stop teleportation journey
  8630 | D:1      | XOM: god gift: 47 gold pieces
  8913 | D:1      | XOM is BORED!
  8913 | D:1      | XOM: give mutations
  8913 | D:1      | Gained mutation: You occasionally lose the ability to read
                  | scrolls when taking damage. [Xom's mischief]
  8913 | D:1      | Lost mutation: You are robust. (+10% HP) [Xom's mischief]
  8913 | D:1      | Lost mutation: You are dopey. (Int -2) [Xom's mischief]
  8913 | D:1      | Gained mutation: Armour fits poorly on your strangely
                  | shaped body. [Xom's mischief]
  9882 | D:1      | XOM: draining
  9907 | D:1      | XOM: cloud trail
 10121 | D:1      | XOM: stat loss: -1 Dex (13/14)
 10238 | D:1      | XOM: draining
 10302 | D:1      | XOM: silly message
 10305 | D:1      | XOM: give mutations
 10305 | D:1      | Lost mutation: You have sharp fingernails. [Xom's mischief]
 10305 | D:1      | Gained mutation: You sometimes lose the ability to read
                  | scrolls when taking damage. [Xom's mischief]
 10315 | D:1      | XOM: stat loss: -1 Dex (12/14)
 10625 | D:1      | Quit the game

Illustrated notes

Levels and vault maps discovered:
D:1:      tarquinn_simple_flora_water_a, layout_loops_ring, minmay_bisected
D:2:      layout_basic, basic_altar, serial_shops, shop

Skill      XL: |  1  2  3 |
---------------+----------+-----
Spellcasting   | 1 |  1.5
Conjurations   | 1 |  1.5
Hexes          | 1 |  1.5
Summonings     | 1 |  1.5
Necromancy     | 1 |  1.5
Translocations | 1 |  1.5
Fire Magic     | 1 |  1.5
Ice Magic      | 1 |  1.5
Air Magic      | 1 |  1.5
Earth Magic    | 1 |  1.5
Alchemy        | 1 |  1.5
Long Blades    | 3 |  3.0
Fighting       | |  3.3
Armour         | |  1.7
Dodging        | |  2.7

Action                     |  1- 3 |  4- 6 || total
---------------------------+-------+-------++-------
  Melee: Falchion          |    68 |    47 ||   115
         Headbutt          |       |     7 ||     7
   Stab: Invisible         |     3 |       ||     3
         Sleeping          |     2 |       ||     2
 Armour: Leather armour    |    55 |    31 ||    86
  Dodge: Dodged            |    68 |    27 ||    95

Table legend: (Time is in decaauts)
 A = Elapsed time spent in this place.
 B = Non-inter-level travel time spent in this place.
 C = Inter-level travel time spent in this place.
 D = Time resting spent in this place.
 E = Time spent auto-exploring this place.
 F = Levels seen in this place.
 G = Mean time per level.
                   A        B        C        D        E       F      G
               +--------+--------+--------+--------+--------+-----+--------+
         Total |  10645 |  10577 |     68 |   9231 |   1047 |   2 | 5322.5 |
       Dungeon |  10645 |  10577 |     68 |   9231 |   1047 |   2 | 5322.5 |
               +--------+--------+--------+--------+--------+-----+--------+

Top non-repeatable levels by time:
     D:1: 9866 daAuts
     D:2: 779 daAuts
